AoeStats
← Zwanno

Northern Isles

510357365Analyzed
1v1 RM · 15h ago on Sep 30, 2026· 31m 4s· 2 players
Game mode
Random Map
Map size
Tiny (2 player)
Population
200
Speed
Normal
Resources
Standard
Victory
Conquest
Starting age
Dark Age
Ending age
Imperial Age
RankedLock teamsTeams togetherTeam positionsShared explorationLock speedFull tech treeHidden civsTurbo modeCheats
Victory
Defeat
🇸🇰 Danes · Slovakia
850
+17
🇺🇸 Japanese · United States
872
-17
Zwanno
7:28 Loom
9:49 Feudal Age
11:29 Double-Bit Axe
14:34 Man-at-Arms
14:59 Arson
17:09 Forging
17:22 Fletching
18:12 Fishing Lines
19:00 Horse Collar
22:13 Castle Age
20:47 Scale Mail Armor
22:55 Gambesons
24:57 Long Swordsman
25:47 Stone Mining
26:42 Squires
26:49 Bodkin Arrow
27:11 Chain Mail Armor
27:38 Stone Shaft Mining
29:08 Iron Casting
32:12 Wheelbarrow
31:22 Town Watch
Forger1962
9:34 Loom
11:44 Feudal Age
16:13 Castle Age
Connection lost

Rejoining the realm…

Still unreachable

The connection could not be restored.

Session expired

The server has moved on; the page needs a fresh start.